 Dungeon Crawl Stone Soup version 0.31-a0-365-gcf821cafb2 (webtiles) character file.

Game seed: 15586541282147350354

49865 Vomitron the Fencer (level 14, -11/107 HPs)
             Began as a Barachi Fighter on July 26, 2023.
             Was the Champion of Hepliaklqana.
             Killed from afar by a lindwurm (17 damage)
             ... with a blast of flame
             ... summoned by Kirke
             ... on level 5 of the Lair of Beasts on July 27, 2023.
             The game lasted 00:33:23 (14320 turns).

Vomitron the Fencer (Barachi Fighter)              Turns: 14320, Time: 00:33:24

Health: -11/107    AC:  0    Str: 17    XL:     14   Next: 52%
Magic:  15/19      EV: 18    Int: 10    God:    Hepliaklqana [******]
Gold:   2323       SH:  0    Dex: 16    Spells: 13/13 levels left

rFire   . . .        e - melded +0 double sword (vamp)
rCold   . . .        c - melded +0 buckler
rNeg    . . .        A - melded +11 crystal plate armour of the Bells {rElec Str-5 Dex+2}
rPois   .            C - melded +2 helmet of Ibenuud {Drain rElec rN+ Dex+3}
rElec   .            s - melded +2 cloak
rCorr   .            z - melded +1 pair of gloves of Arus {Regen+ Int+3}
SInv    .            (boots currently unavailable)
Will    +....        (no amulet)
Stlth   +            g - melded +6 ring of dexterity
HPRegen 0.37/turn    q - melded +5 ring of evasion
MPRegen 0.16/turn

%: no passive effects
@: pig-form, spiked, slowed
A: fast, no casting, reduced essence, (amphibious), small, (slowness 1), (strong
legs 2), +LOS, (iridescent scales 1), low MP 1, subdued magic 1
a: Renounce Religion, Recall Ancestor, Ancestor Identity, Transference, Idealise


You were on level 5 of the Lair of Beasts.
You worshipped Hepliaklqana.
Hepliaklqana was exalted by your worship.
You were a filthy swine.
You visited 2 branches of the dungeon, and saw 15 of its levels.
You also visited: Sewer, Ossuary and Gauntlet.

You collected 2323 gold pieces.

Inventory:

Hand Weapons
 a - a +1 long sword of electrocution
 e - a +0 vampiric double sword (melded)
 i - a +1 whip of draining
 G - the +2 short sword "Utofuid" {pain, *Rage rElec Will++ rCorr}
   (You found it on level 9 of the Dungeon)

   rElec:     It insulates you from electricity.
   *Rage:     It berserks you when you make melee attacks (+20% chance).
   rCorr:     It protects you from acid and corrosion.
   Will:      It greatly increases your willpower.
Missiles
 w - 7 throwing nets
Armour
 b - a +0 plate armour of cold resistance
 c - a +0 buckler (melded)
 j - the +1 helmet of the Buccaneer {rElec rN+ Dex-4}
   (You found it on level 5 of the Dungeon)

   Dex:       It affects your dexterity (-4).
   rElec:     It insulates you from electricity.
   rN:        It protects you from negative energy.
 s - a +2 cloak (melded)
 z - the +1 pair of gloves of Arus (melded) {Regen+ Int+3}
   (You acquired it on level 8 of the Dungeon)

   Int:       It affects your intelligence (+3).
   Regen:     It increases your rate of health regeneration.
 A - the +11 crystal plate armour of the Bells (melded) {rElec Str-5 Dex+2}
   (You acquired it on level 8 of the Dungeon)

   Str:       It affects your strength (-5).
   Dex:       It affects your dexterity (+2).
   rElec:     It insulates you from electricity.
 C - the +2 helmet of Ibenuud (melded) {Drain rElec rN+ Dex+3}
   (You found it in a Gauntlet)

   Dex:       It affects your dexterity (+3).
   rElec:     It insulates you from electricity.
   rN:        It protects you from negative energy.
   Drain:     It drains your maximum health when unequipped.
 U - a +3 scale mail of fire resistance
Jewellery
 g - a +6 ring of dexterity (melded)
 n - a ring of positive energy
 q - a +5 ring of evasion (melded)
 t - a ring of magical power
 D - a ring of magical power
 L - a ring of protection from cold
 M - a ring of ice
 O - an amulet of guardian spirit
 T - an amulet of faith
Wands
 m - a wand of quicksilver (13)
 y - a wand of flame (57)
 F - a wand of iceblast (11)
 I - a wand of paralysis (11)
Scrolls
 k - 4 scrolls of teleportation
 B - a scroll of noise
 E - 2 scrolls of amnesia
 H - 3 scrolls of fear
 K - a scroll of revelation
 N - 3 scrolls of identify
 P - a scroll of enchant weapon
 Q - a scroll of blinking
Potions
 d - 3 potions of might
 f - a potion of heal wounds
 h - 3 potions of haste
 l - 8 potions of curing
 o - 2 potions of cancellation
 p - 2 potions of mutation
 r - 6 potions of brilliance
 u - 2 potions of ambrosia
 v - 3 potions of attraction
 x - 4 potions of lignification
 J - a potion of enlightenment {unknown}
 R - 2 potions of magic {unknown}
 S - a potion of invisibility {unknown}


   Skills:
 + Level 13.9 Fighting
 + Level 18.4 Long Blades
 + Level 12.2 Armour
 + Level 7.2 Dodging
 - Level 5.0 Shields
 + Level 9.7 Invocations


You had 13 spell levels left.
You didn't know any spells.
Your spell library contained the following spells:

 Spells                   Type           Power      Damage    Failure   Level
 Necrotise                Necr           0%         1d4       32%         1
 Slow                     Hex            0%         N/A       32%         1
 Lesser Beckoning         Tloc           0%         N/A       45%         2
 Static Discharge         Conj/Air       0%         2-2/arc   45%         2
 Confusing Touch          Hex            0%         N/A       71%         3
 Gell's Gravitas          Tloc           0%         N/A       71%         3
 Teleport Other           Tloc           0%         N/A       71%         3
 Vampiric Draining        Necr           0%         2d6       71%         3
 Vhi's Electric Charge    Tloc/Air       0%         N/A       71%         3
 Airstrike                Air            0%         2d(0-16)  98%         4
 Summon Lightning Spire   Summ/Air       0%         N/A       98%         4
 Agony                    Necr           0%         N/A       100%        5
 Arcjolt                  Conj/Air       0%         1d10      100%        5
 Summon Forest            Summ/Tloc      0%         N/A       100%        5
 Eringya's Noxious Bog    Tmut/Pois      0%         4d6       100%        6
 Plasma Beam              Fire/Air       0%         2x1d10    100%        6
 Summon Hydra             Summ           0%         N/A       100%        7


Dungeon Overview and Level Annotations

Branches:
Dungeon (10/15)            Temple (0/1) D:6            Lair (5/5) D:8
 Shoals (0/4) Lair:3       Spider (0/4) Lair:2        Slime (0/5) Lair:5
    Orc (0/2) D:9           Sewer (visited)         Ossuary (visited)
Gauntlet (visited)

Altars:
Elyvilon
Gozag
Hepliaklqana
Makhleb
Okawaru
Trog
Uskayaw
Vehumet
Wu Jian
Zin
The Shining One
Jiyva

Shops:
D:8 [   D:9 *   D:10 :

Annotations:
D:3 1 runed translucent door, Newt's ghost, amateur DrSh
Lair:4 exclusion: oklob plant
Lair:5 Kirke


Innate Abilities, Weirdness & Mutations

You are a filthy swine.
You move quickly.
Your equipment is almost entirely melded.
You are incapable of wielding weapons or throwing items.
You cannot cast spells.
Your life essence is reduced to manifest your ancestor. (-10% HP)
((You are amphibious.))
((You cover ground slowly.))
((You can hop long distances.))
You have an extended range of vision and can be seen from far away.
((You are partially covered in iridescent scales. (AC +2)))
Your magical capacity is low. (-10% MP)
Your spells are a little easier to cast, but a little less powerful.


Message History

You turn into a filthy swine.
Your +0 vampiric double sword melds into your body.
Your +2 cloak melds into your body.
The +2 helmet of Ibenuud {Drain rElec rN+ Dex+3} melds into your body.
The +1 pair of gloves of Arus {Regen+ Int+3} melds into your body.
Your +0 buckler melds into your body.
The +11 crystal plate armour of the Bells {rElec Str-5 Dex+2} melds into your body.
Your +6 ring of dexterity melds into your body.
Your +5 ring of evasion melds into your body.
You feel the dreadful sensation subside.
You feel clumsy.
The manticore flicks its tail.
The volley of spikes hits you!
The barbed spikes become lodged in your body.
The lindwurm breathes flames at you. The blast of flame hits you!!
Something hits you!
The barbs in your skin will harm you if you move.
Continue?
The lindwurm attacks as you move away! The lindwurm barely misses you.
The lindwurm claws you. x2
* * * LOW HITPOINT WARNING * * *
The barbed spikes dig painfully into your body as you move.
* * * LOW HITPOINT WARNING * * *
Jenny hits the lindwurm with a +0 quarterstaff!
Unknown command.
Unknown command.
The barbed spikes dig painfully into your body as you move.
* * * LOW HITPOINT WARNING * * *
Jenny completely misses the lindwurm.
Okay, then.
Hepliaklqana grants Jenny healing and protection!
Jenny is fully restored!
The lindwurm barely misses you. The lindwurm claws you!
* * * LOW HITPOINT WARNING * * *
The lindwurm claws you!
* * * LOW HITPOINT WARNING * * *
Jenny points next to the lindwurm and mumbles some strange words.
The stone arrow hits something!!
Something misses Jenny.
The lindwurm breathes flames at you. The blast of flame hits you!
You die...

#.#..~~~~~##~###.~~##~##
##...~~~.~~~~~~~~~~~~~~~
##...##~~##~~##~~#~~~#~
##..~~~~#.~~##~~##~~##
#~~.~..~..~.~.~~~....
###.........~..[...##
##........###...P.##
##†........####...##.
#.Rkh.......###...#..
......#.#.##.....÷........
#........####.....÷........
####.....# ###....÷.......
#...... #####.#....#.
#P..... #######.# ####....
### ##... # #.... ##


You could see the friendly Jenny the battlemage (idealised) and a lindwurm
(summoned, catching breath).

Vanquished Creatures
  A minotaur (Gauntlet)
  3 hydras (Lair:5)
  3 death yaks (Lair:3)
  A merfolk avatar (Lair:5)
  A sea snake (Lair:5)
  Pikel (D:9)
  11 elephants
  A torpor snail (Lair:5)
  5 black mambas
  10 cane toads
  8 komodo dragons
  3 rime drakes
  A wind drake (Lair:3)
  2 polar bears
  A hornet (Gauntlet)
  12 blink frogs
  5 dream sheep (Lair:4)
  A raiju (Gauntlet)
  Sigmund (D:5)
  4 culicivoras (Lair:2)
  5 hogs (Lair:5)
  2 wyverns
  45 yaks
  A basilisk (Lair:3)
  A steam dragon (D:8)
  10 water moccasins
  An acid dragon (D:8)
  2 orc warriors
  2 black bears (D:5)
  2 sky beasts
  5 wolves
  2 ogres
  5 centaurs
  6 bullfrogs
  3 scorpions
  7 killer bees
  A howler monkey (D:5)
  2 electric eels
  2 hounds (D:5)
  2 jellies
  9 orc priests
  2 gnoll boudas (D:7)
  7 hell rats
  2 sleepcaps
  4 iguanas
  5 orc wizards
  7 gnolls (D:7)
  13 adders
  2 shadow imps (D:7)
  2 white imps
  2 ufetubi
  5 worms
  A dart slug (D:2)
  33 orcs
  8 ball pythons
  8 bats
  5 endoplasms
  5 giant cockroaches
  6 goblins
  4 hobgoblins
  7 quokkas
  7 frilled lizards
  2 gnoll skeletons (Ossuary)
  A gnoll zombie (Ossuary)
  3 goblin skeletons
  4 goblin zombies (Ossuary)
  A hobgoblin skeleton (Ossuary)
  3 hobgoblin zombies (Ossuary)
  10 kobolds
  3 kobold skeletons
  3 kobold zombies
  2 orc skeletons (Ossuary)
  An orc zombie (D:7)
  3 rats
  3 rat zombies (Ossuary)
364 creatures vanquished.

Vanquished Creatures (collateral kills)
  A ghost crab (Gauntlet)
  2 death yaks (Lair:3)
  A sea snake (Lair:5)
  A lindwurm (Lair:3)
  3 manticores
  2 elephants
  2 black mambas
  2 cane toads
  A rime drake (Lair:4)
  A gargoyle (D:10)
  4 komodo dragons
  4 hornets
  A polar bear (Lair:3)
  7 blink frogs
  A wind drake (Lair:5)
  2 dream sheep (Lair:4)
  A culicivora (Lair:2)
  A wyvern (Lair:5)
  14 yaks
  A vampire (D:10)
  2 hogs (Lair:5)
  Menkaure (Ossuary)
  6 water moccasins
  An orc warrior (D:10)
  5 wolves
  2 centaurs
  A lemure (D:9)
  3 kobold brigands
  A scorpion (D:6)
  3 bullfrogs
  7 killer bees
  2 electric eels (D:7)
  Crazy Yiuf (D:7)
  A sleepcap (D:8)
  3 hell rats
  2 orc wizards
  A lightning spire (Gauntlet)
  4 mummies
  A gnoll (D:7)
  An adder (D:6)
  9 orcs
  3 giant cockroaches (Sewer)
  A gnoll zombie (Ossuary)
  2 quokkas (Sewer)
  3 frilled lizards (Sewer)
  3 gnoll skeletons (Ossuary)
  A goblin skeleton (Ossuary)
  5 goblin zombies
  A hobgoblin skeleton (Ossuary)
  A hobgoblin zombie (Ossuary)
  5 kobolds
  A kobold skeleton (Ossuary)
  4 kobold zombies (Ossuary)
  6 orc skeletons (Ossuary)
  4 rat skeletons (Ossuary)
  2 rat zombies (Ossuary)
  A butterfly (Lair:1)
152 creatures vanquished.

Vanquished Creatures (others)
  6 battlemagi
  An orc wizard (D:4)
  2 ancestors
  A hobgoblin (D:3)
10 creatures vanquished.

Grand Total: 526 creatures vanquished

Notes
Turn   | Place    | Note
-------+----------+-------------------------------------------
     0 | D:1      | Vomitron the Barachi Fighter began the quest for the Orb.
     0 | D:1      | Reached XP level 1. HP: 18/18 MP: 1/1
   132 | D:1      | Reached XP level 2. HP: 25/25 MP: 2/2
   270 | D:1      | Reached skill level 3 in Long Blades
   744 | D:2      | Reached XP level 3. HP: 30/30 MP: 3/3
  1564 | D:3      | Found a white marble altar of Elyvilon.
  1564 | D:3      | Found a hazy altar of Hepliaklqana.
  1572 | D:3      | Found a faded altar of an unknown god.
  1574 | D:3      | Found a faded altar of an unknown god.
  1576 | D:3      | Found a radiant altar of Vehumet.
  1586 | D:3      | Became a worshipper of Hepliaklqana the Forgotten
  1683 | D:3      | Reached skill level 1 in Dodging
  1683 | D:3      | Reached XP level 4. HP: 34/37 MP: 4/4
  1986 | D:3      | Found a runed translucent door.
  1987 | D:3      | Noticed Newt's ghost (amateur DrSh)
  1994 | D:3      | Found a glowing silver altar of Zin.
  2049 | D:3      | Found a burning altar of Makhleb.
  2590 | D:4      | Reached skill level 4 in Long Blades
  2737 | D:4      | Reached XP level 5. HP: 43/43 MP: 5/5
  2867 | D:4      | Reached XP level 6. HP: 46/49 MP: 6/6
  2956 | D:4      | Noticed an orc warrior
  3165 | D:4      | Killed an orc warrior
  3166 | D:4      | Reached skill level 5 in Fighting
  3166 | D:4      | Reached skill level 5 in Long Blades
  3169 | D:4      | HP: 2/51 [ball python (2)]
  3486 | D:4      | Reached XP level 7. HP: 51/56 MP: 7/7
  3585 | D:5      | Entered Level 5 of the Dungeon
  3613 | D:5      | Reached skill level 6 in Long Blades
  3692 | D:5      | Reached skill level 5 in Shields
  3872 | D:5      | Reached skill level 7 in Long Blades
  3880 | D:5      | Reached XP level 8. HP: 41/64 MP: 8/8
  4032 | D:5      | Identified the +1 helmet of the Buccaneer {rElec rN+ Dex-4}
  4090 | D:5      | Reached * piety under Hepliaklqana
  4332 | D:5      | Noticed Sigmund
  4340 | D:5      | Killed Sigmund
  4341 | D:5      | Reached skill level 8 in Long Blades
  4341 | D:5      | Reached skill level 1 in Invocations
  4394 | D:6      | Found a staircase to the Ecumenical Temple.
  4446 | D:6      | Found a glowing drain.
  4462 | Sewer    | Entered a sewer
  4861 | D:6      | Reached skill level 5 in Dodging
  5071 | D:5      | Reached XP level 9. HP: 19/64 MP: 10/10
  5072 | D:5      | Reached skill level 9 in Long Blades
  5393 | D:6      | Found an opulent altar of Gozag.
  5936 | D:7      | Found a glowing golden altar of the Shining One.
  6083 | D:7      | Reached skill level 10 in Long Blades
  6271 | D:7      | Found a runed translucent door.
  6272 | D:7      | Noticed Crazy Yiuf
  6666 | D:7      | Killed Crazy Yiuf
  6787 | D:8      | Identified 4 scrolls of acquirement
  6787 | D:8      | Acquired 1137 gold pieces
  6789 | D:8      | Acquired the +1 pair of gloves of Arus {Regen+ Int+3}
  6791 | D:8      | Acquired a +0 vampiric double sword
  6792 | D:8      | Acquired the +11 crystal plate armour of the Bells {rElec
                  | Str-5 Dex+2}
  6803 | D:8      | Reached ** piety under Hepliaklqana
  6804 | D:8      | Remembered your ancestor Jenny as a battlemage
  6955 | D:8      | Reached XP level 10. HP: 72/72 MP: 12/12
  6977 | D:8      | Found a sand-covered staircase.
  7012 | Ossuary  | Entered an ossuary
  7026 | Ossuary  | Reached skill level 11 in Long Blades
  7266 | Ossuary  | Noticed Menkaure
  7276 | Ossuary  | Killed Menkaure
  7466 | D:8      | Reached skill level 5 in Armour
  7514 | D:8      | Found a staircase to the Lair.
  7686 | D:8      | Found Peatitec's Antique Armour Shoppe.
  7692 | D:8      | Found a hide-covered altar of Uskayaw.
  8167 | D:9      | Identified the +2 short sword "Utofuid" {pain, *Rage rElec
                  | Will++ rCorr}
  8208 | D:9      | Identified the +0 helmet of the Disbelieving Gods {Contam
                  | Int+7}
  8221 | D:9      | Noticed Pikel
  8236 | D:9      | Killed Pikel
  8246 | D:9      | Reached skill level 12 in Long Blades
  8284 | D:9      | Reached skill level 5 in Invocations
  8336 | D:9      | Found a staircase to the Orcish Mines.
  8378 | D:9      | Reached *** piety under Hepliaklqana
  8412 | D:9      | Found a bloodstained altar of Trog.
  8530 | D:9      | Found Orghac's Changing Room.
  8795 | D:10     | Entered Level 10 of the Dungeon
  8844 | D:10     | Found Enoph's Book Emporium.
  8845 | D:10     | Noticed a gargoyle
  8852 | D:10     | Killed a gargoyle
  8909 | D:10     | Found an ornate altar of the Wu Jian Council.
  9017 | D:10     | Paralysed by a hornet for 1 turns
  9019 | D:10     | Reached XP level 11. HP: 76/80 MP: 13/15
  9064 | D:10     | Found an iron altar of Okawaru.
  9161 | D:10     | Reached **** piety under Hepliaklqana
  9753 | Lair:1   | Entered Level 1 of the Lair of Beasts
  9774 | Lair:1   | Reached skill level 13 in Long Blades
  9874 | Lair:1   | Reached skill level 10 in Fighting
 10076 | Lair:1   | Gained mutation: You have a pair of small antennae on your
                  | head. [potion of mutation]
 10076 | Lair:1   | Gained mutation: You occasionally lose the ability to drink
                  | potions when taking damage. [potion of mutation]
 10076 | Lair:1   | Gained mutation: You are partially covered in iridescent
                  | scales. (AC +2) [potion of mutation]
 10077 | Lair:1   | Lost mutation: You occasionally lose the ability to drink
                  | potions when taking damage. [potion of mutation]
 10077 | Lair:1   | Lost mutation: You have a pair of small antennae on your
                  | head. [potion of mutation]
 10077 | Lair:1   | Gained mutation: Your spells are a little easier to cast,
                  | but a little less powerful. [potion of mutation]
 10077 | Lair:1   | Gained mutation: Your magical capacity is low. (-10% MP)
                  | [potion of mutation]
 10150 | Lair:1   | Found a dark tunnel.
 10211 | Lair:1   | Reached skill level 14 in Long Blades
 10776 | Lair:2   | Reached ***** piety under Hepliaklqana
 10782 | Lair:2   | Reached XP level 12. HP: 89/89 MP: 15/15
 10932 | Lair:2   | Reached skill level 15 in Long Blades
 11283 | Lair:2   | Found a hole to the Spider Nest.
 11475 | Lair:3   | Found a gate leading to a gauntlet.
 11498 | Gauntlet | Entered a Gauntlet
 11498 | Gauntlet | Found a transporter.
 11498 | Gauntlet | Found a transporter.
 11501 | Gauntlet | Found a transporter.
 11501 | Gauntlet | Found a transporter.
 11508 | Gauntlet | Noticed an entropy weaver
 11513 | Gauntlet | Noticed a hell beast
 11515 | Gauntlet | Found a transporter.
 11517 | Gauntlet | Found a transporter.
 11536 | Gauntlet | Found a transporter.
 11537 | Gauntlet | Noticed a ghost crab
 11539 | Gauntlet | Found a transporter.
 11550 | Gauntlet | Found a transporter.
 11551 | Gauntlet | Found a transporter.
 11558 | Gauntlet | Noticed a catoblepas
 11560 | Gauntlet | Found a transporter.
 11560 | Gauntlet | Found a transporter.
 11770 | Gauntlet | Found a transporter.
 11774 | Gauntlet | Identified the +2 helmet of Ibenuud {Drain rElec rN+ Dex+3}
 11780 | Gauntlet | Killed a ghost crab
 11781 | Gauntlet | Found a transporter.
 11854 | Gauntlet | Noticed a minotaur
 11866 | Gauntlet | Killed a minotaur
 11894 | Gauntlet | Identified the +1 robe "Puchioh" {rF++ rN+}
 11994 | Lair:3   | Reached skill level 16 in Long Blades
 12023 | Lair:3   | Reached skill level 10 in Armour
 12023 | Lair:3   | Gained mutation: You can hop long distances. [Barachi
                  | growth]
 12023 | Lair:3   | Reached XP level 13. HP: 69/97 MP: 17/17
 12196 | Lair:3   | Found a staircase to the Shoals.
 12452 | Lair:3   | Reached skill level 17 in Long Blades
 12768 | Lair:3   | Upgraded the game from 0.31-a0-360-gb3e1d13bf4 to
                  | 0.31-a0-365-gcf821cafb2
 13175 | Lair:4   | Reached ****** piety under Hepliaklqana
 13388 | Lair:5   | Entered Level 5 of the Lair of Beasts
 13491 | Lair:5   | Reached XP level 14. HP: 106/106 MP: 18/18
 13555 | Lair:5   | Reached skill level 18 in Long Blades
 13916 | Lair:5   | Found a viscous altar of Jiyva.
 13917 | Lair:5   | Found a staircase to the Slime Pits.
 14291 | Lair:5   | Noticed Kirke
 14320 | Lair:5   | Killed from afar by a lindwurm

Illustrated notes

Levels and vault maps discovered:
D:1:      erik_arrival_orb_chamber, layout_loops_ring, serial_forest,
          infiniplex_forest_clump_curved, infiniplex_forest_clump_double,
          infiniplex_forest_clump_large, infiniplex_forest_lined_room_2,
          infiniplex_forest_side_room, skrybe_limestone_x
D:2:      layout_loops_ring, serial_bayou, serial_bayou_pond_d,
          serial_bayou_shore_b, serial_bayou_crossing, serial_bayou_pond_e,
          serial_bayou_lagoon_b, serial_bayou_shore_b, minmay_door_square,
          minmay_3d_cube
D:3:      layout_basic, amcnicky_altar_gilded, zin_treasury,
          chequers_temple_overflow_minitemple, gammafunk_ghost_grave,
          minivault_4, kennysheep_cluttered_room, lemuel_flame_loot_1
D:4:      layout_rooms
D:5:      layout_rooms, amcnicky_mini_pool_medium, uniq_sigmund
D:6:      layout_rooms, lemuel_round_altar, minmay_temple_entry_overgrown,
          portal_sewer_entry_d
D:7:      layout_loops_ring, nicolae_tso_besieged_by_evil, fountainhead,
          uniq_crazy_yiuf_cottage
D:8:      layout_basic, mainiacjoe_overflow_alcove_2, lair_entry_dummy,
          serial_shops, shop, gup_ossuary_entry_pyramid
D:9:      layout_cross, bloody_trog, hiddenorc1_lemuel,
          nicolae_transmutations_shop, uniq_pikel
D:10:     layout_cave_pods, mainiacjoe_overflow_concentric_impassable,
          mainiacjoe_overflow_surrounded_room, serial_shops, shop,
          kennysheep_generic_room_11
Lair:1:   layout_gridlike, nicolae_volcano_entry_two_sided, pond,
          infiniplex_staircase_pool_2, lemuel_fruit_fields
Lair:2:   layout_gridlike, hellmonk_spider_entry_life_and_decay
Lair:3:   layout_cave_pods, minmay_shoals_entry_beasts, gauntlet_entry_generic
Lair:4:   layout_misc_corridors, grunt_megastairs_4, serial_bayou_shore_a
Lair:5:   gammafunk_lair_ancient_temple, layout_concentric_octagons,
          slime_entry_1, serial_bayou_lake_a, serial_bayou_shore_b, uniq_kirke

Skill      XL: |  1  2  3  4  5  6  7  8  9 10 11 12 13 14 |
---------------+-------------------------------------------+-----
Long Blades    | 3 4 5 7 8 10 12 14 16 17 18 | 18.4
Armour         | 4 6 8 10 11 12 | 12.2
Fighting       | 4 5 6 7 8 9 10 12 13 | 13.9
Dodging        | 1 2 3 5 6 7 |  7.2
Shields        | 4 5 |  5.0
Invocations    | 2 3 5 6 8 9 |  9.7

Action                     |  1- 3 |  4- 6 |  7- 9 | 10-12 | 13-15 || total
---------------------------+-------+-------+-------+-------+-------++-------
  Melee: Long sword        |    99 |    90 |   337 |    59 |       ||   585
         Double sword      |       |       |    21 |   439 |   361 ||   821
         Short sword       |       |       |       |       |    41 ||    41
 Invoke: Ancestor Identity |       |       |     1 |       |       ||     1
         Ancestor Life: Ba |       |       |     1 |       |       ||     1
         Idealise          |       |       |       |       |     1 ||     1
Ability: Hop               |       |     4 |     4 |     2 |     1 ||    11
    Use: Scroll            |       |     8 |     8 |    13 |       ||    29
         Potion            |       |     2 |     1 |     2 |       ||     5
   Stab: Distracted        |       |       |     4 |    13 |    18 ||    35
 Armour: Scale mail        |    57 |    35 |   125 |   163 |    52 ||   432
         Crystal plate arm |       |       |       |       |   177 ||   177
  Dodge: Dodged            |    46 |   119 |   312 |   462 |   173 ||  1112
  Block: Buckler           |    26 |    28 |   130 |   184 |   113 ||   481

Table legend: (Time is in decaauts)
 A = Elapsed time spent in this place.
 B = Non-inter-level travel time spent in this place.
 C = Inter-level travel time spent in this place.
 D = Time resting spent in this place.
 E = Time spent auto-exploring this place.
 F = Levels seen in this place.
 G = Mean time per level.
                   A        B        C        D        E       F      G
               +--------+--------+--------+--------+--------+-----+--------+
         Total |  16189 |  15610 |    579 |   1341 |  10587 |  18 |  899.4 |
       Dungeon |  10743 |  10270 |    473 |   1140 |   7264 |  10 | 1074.3 |
          Lair |   4354 |   4248 |    106 |     56 |   3081 |   5 |  870.8 |
         Sewer |    233 |    233 |      0 |      0 |    133 |   1 |  233.0 |
       Ossuary |    399 |    399 |      0 |      2 |     96 |   1 |  399.0 |
      Gauntlet |    457 |    457 |      0 |    143 |     12 |   1 |  457.0 |
               +--------+--------+--------+--------+--------+-----+--------+

Top non-repeatable levels by time:
     D:8: 1463 daAuts
     D:3: 1416 daAuts
     D:7: 1265 daAuts
    D:10: 1080 daAuts
     D:5: 1079 daAuts
     D:4: 1002 daAuts
  Lair:5: 998 daAuts
     D:2: 988 daAuts
  Lair:3: 979 daAuts
     D:6: 957 daAuts
  Lair:1: 857 daAuts
  Lair:2: 823 daAuts
     D:1: 748 daAuts
     D:9: 740 daAuts
  Lair:4: 694 daAuts
